 Dungeon Crawl Stone Soup version 0.27-a0-1612-gde56a17b89 (webtiles) character file.

Game seed: 18090549966074073388

173 Anon1729 the Insei (level 5, -1/41 HPs)
             Began as a Merfolk Monk on July 21, 2021.
             Killed from afar by Pikel (6 damage)
             ... with a puff of flame
             ... on level 3 of the Dungeon.
             The game lasted 00:08:24 (4412 turns).

Anon1729 the Insei (Merfolk Monk)                   Turns: 4412, Time: 00:08:25

Health: -1/41      AC:  3    Str: 12    XL:     5   Next: 53%
Magic:  5/5        EV: 14    Int: 16    God:
Gold:   178        SH:  0    Dex: 16    Spells: 4/4 levels left

rFire    . . .     SeeInvis .     - Unarmed
rCold    . . .     Faith    .   (no shield)
rNeg     . . .     Spirit   .   a - +0 robe
rPois    .         Reflect  .   (no helmet)
rElec    .         Harm     .   (no cloak)
rCorr    .         Rampage  .   (no gloves)
Will     .....                  p - +0 pair of boots
Stlth    ++........             (no amulet)
HPRegen  0.13/turn              j - +6 ring of intelligence
MPRegen  0.09/turn              (no ring)

@: no status effects
A: (nimble swimmer 2), mertail
a: no special abilities


You were on level 3 of the Dungeon.
You visited 1 branch of the dungeon, and saw 4 of its levels.

You collected 178 gold pieces.

Inventory:

Missiles
 h - a javelin (quivered)
Armour
 a - a +0 robe (worn)
 p - a +0 pair of boots (worn)
Magical Staves
 n - a staff of cold
Jewellery
 j - a +6 ring of intelligence (left hand)
Wands
 k - a wand of charming (8)
Scrolls
 e - a scroll of vulnerability {unknown}
 f - 4 scrolls of identify {unknown}
 g - a scroll of torment {unknown}
 i - a scroll of noise {unknown}
 m - a scroll of amnesia {unknown}
Potions
 b - a potion of might {unknown}
 c - a potion of brilliance {unknown}
 d - 2 potions of invisibility {unknown}
 l - a potion of haste {unknown}
 o - a potion of heal wounds {unknown}


   Skills:
 - Level 3.5 Fighting
 + Level 2.4 Throwing
 - Level 4.3 Dodging
 - Level 2.6 Stealth
 + Level 5.3 Unarmed Combat


You had 4 spell levels left.
You didn't know any spells.
Your spell library was empty.

Dungeon Overview and Level Annotations

Branches:
Dungeon (4/15)
 Temple: D:4-7

Altars:
Vehumet
Yredelemnul

Annotations:
D:3 Pikel


Innate Abilities, Weirdness & Mutations

((You are quick and stealthy near water. (Stealth+, EV+, Speed+++)))
Your lower body shifts to a powerful aquatic tail in water.


Message History

Pikel is lightly wounded.
The javelin pierces through the lemure!
The lemure is heavily wounded.
Pikel zaps a wand.
The puff of flame hits you!
Throw: 5 javelins
Press: ? - help, Q - select action, (/) - cycle Shift-Dir - straight line, f/p - Pikel
Aim: Pikel, wielding a +0 whip of freezing, wearing a +0 robe and carrying a wand of flame (10) (lightly wounded, 55% to hit)
You throw a javelin. The javelin pierces through Pikel.
Pikel is lightly wounded.
Pikel zaps a wand.
The puff of flame hits you.
Throw: 4 javelins
Press: ? - help, Q - select action, (/) - cycle Shift-Dir - straight line, p - Pikel You throw a javelin.
The javelin pierces through the lemure.
The lemure is lightly wounded.
The javelin barely misses Pikel.
A lemure comes into view.
Throw: 3 javelins
Press: ? - help, Q - select action, (/) - cycle Shift-Dir - straight line You throw a javelin.
The javelin closely misses the lemure.
The javelin barely misses Pikel.
The lemure shouts!
You climb upwards.
There is a stone staircase leading down here.
Throw: 2 javelins
Press: ? - help, Q - select action, (/) - cycle Shift-Dir - straight line, f - lemure
Aim: a lemure (heavily wounded, 55% to hit)
You throw a javelin. The javelin pierces through the lemure.
The lemure is heavily wounded.
The javelin closely misses Pikel.
The lemure hits you. The lemure closely misses you.
Okay, then.
Pikel zaps a wand.
The puff of flame hits you!
Pikel zaps a wand.
The puff of flame hits you.
* * * LOW HITPOINT WARNING * * *
Pikel zaps a wand.
The puff of flame hits you!
* * * LOW HITPOINT WARNING * * *
There is an open door here.
You close the door.
Pikel zaps a wand.
The puff of flame hits you.
You die...

.....# #.# #......# #.....#
.....##### #.#####......###.....#
.........# #.................##.#
####..#### ######.##########..#.#
####..######## #.######## #..#..
.............# #........# #.....
####.....###.# #........# ###..#
##..<....###.####........# #.K#
...#.#...#.#....@........# #..#
####.#...#.#..###.##+##########>.
####...#.#..###'##.# #.....K..
#........#..#....#.# ###.#....
###........#..+....#.# #.#....
..'........####....#.######5#....
#.#........######K##K#....#K#....
#.#...........###.5.5#.##.#.#####
#.#...<...##............K5..#


You could see Pikel and a lemure.

Vanquished Creatures
  A lemure (D:4)
  A howler monkey (D:2)
  3 adders
  3 gnolls (D:2)
  3 dart slugs
  5 orcs
  6 bats
  2 endoplasms
  2 giant cockroaches (D:3)
  3 goblins
  8 hobgoblins
  6 jackals
  5 kobolds
  6 quokkas
  6 ball pythons
  4 frilled lizards
  7 rats
71 creatures vanquished.

Vanquished Creatures (others)
  4 plants (D:4)
4 creatures vanquished.

Grand Total: 75 creatures vanquished

Notes
Turn   | Place    | Note
-------+----------+-------------------------------------------
     0 | D:1      | Anon1729 the Merfolk Monk began the quest for the Orb.
     0 | D:1      | Reached XP level 1. HP: 18/18 MP: 1/1
   206 | D:1      | Reached XP level 2. HP: 24/24 MP: 2/2
   966 | D:2      | You fall into a shaft and drop 2 floors!
  1085 | D:4      | Found a basalt altar of Yredelemnul.
  1175 | D:4      | Found a radiant altar of Vehumet.
  1219 | D:4      | Reached XP level 3. HP: 19/29 MP: 3/3
  1226 | D:4      | Reached skill level 4 in Unarmed Combat
  1679 | D:4      | Noticed a lemure
  1701 | D:4      | Noticed a lemure
  1732 | D:4      | Killed a lemure
  1827 | D:4      | Noticed Pikel
  2239 | D:3      | Reached XP level 4. HP: 20/35 MP: 4/4
  2593 | D:3      | Reached skill level 1 in Throwing
  3463 | D:2      | Reached skill level 5 in Unarmed Combat
  3463 | D:2      | Reached XP level 5. HP: 40/41 MP: 5/5
  4379 | D:4      | Noticed a lemure
  4382 | D:4      | Noticed a lemure
  4412 | D:3      | Killed from afar by Pikel

Illustrated notes

Levels and vault maps discovered:
D:1:      dpeg_arrival_pond, layout_loops_ring
D:2:      layout_loops_ring
D:3:      minmay_wonky_spiral, layout_basic
D:4:      layout_basic, tso_oasis_becter, mainiacjoe_overflow_catwalk_spiral,
          kennysheep_diamond, uniq_pikel

Skill      XL: |  1  2  3  4  5 |
---------------+----------------+-----
Unarmed Combat | 4 5 |  5.3
Throwing       | 1 2 |  2.4
Fighting       | |  3.5
Dodging        | |  4.3
Stealth        | |  2.6

Action                   |  1- 3 |  4- 6 || total
-------------------------+-------+-------++-------
Melee: Unarmed           |   132 |   119 ||   251
       Punch             |     5 |       ||     5
       Tailslap          |     1 |       ||     1
Throw: Dart              |    23 |       ||    23
       Javelin           |     2 |     5 ||     7
 Stab: Sleeping          |     5 |     8 ||    13
       Distracted        |       |     1 ||     1
Armor: Robe              |    11 |    11 ||    22
Dodge: Dodged            |   100 |    71 ||   171

Table legend: (Time is in decaauts)
 A = Elapsed time spent in this place.
 B = Non-inter-level travel time spent in this place.
 C = Inter-level travel time spent in this place.
 D = Time resting spent in this place.
 E = Time spent auto-exploring this place.
 F = Levels seen in this place.
 G = Mean time per level.
                   A        B        C        D        E       F      G
               +--------+--------+--------+--------+--------+-----+--------+
         Total |   4395 |   4196 |    199 |    954 |   2476 |   4 | 1098.8 |
       Dungeon |   4395 |   4196 |    199 |    954 |   2476 |   4 | 1098.8 |
               +--------+--------+--------+--------+--------+-----+--------+

Top non-repeatable levels by time:
     D:3: 1493 daAuts
     D:2: 1077 daAuts
     D:1: 955 daAuts
     D:4: 868 daAuts
